 Dungeon Crawl Stone Soup version 0.30.1-4-g462c640d31 (webtiles) character file.

Game seed: 10330809307165426655

16 HagarQim the Grave Robber (level 2, -2/15 HPs)
             Began as a Deep Elf Necromancer on Aug 18, 2023.
             Slain by a ball python (3 damage)
             ... on level 1 of the Dungeon.
             The game lasted 00:02:03 (261 turns).

HagarQim the Grave Robber (Deep Elf Necromancer)     Turns: 261, Time: 00:02:03

Health: -2/15      AC:  2    Str:  5    XL:     2   Next: 37%
Magic:  0/8        EV:  9    Int: 19    God:
Gold:   17         SH:  0    Dex: 15    Spells: 6/7 levels left

rFire   . . .        (no weapon)
rCold   . . .        (no shield)
rNeg    . . .        a - +0 robe
rPois   .            (no helmet)
rElec   .            (no cloak)
rCorr   .            (no gloves)
SInv    .            (no boots)
Will    .....        (no amulet)
Stlth   ++           (no ring)
HPRegen 0.22/turn    (no ring)
MPRegen 0.11/turn

%: no passive effects
@: constricted
A: no striking features
a: no special abilities


You were on level 1 of the Dungeon.
You visited 1 branch of the dungeon, and saw 1 of its levels.

You collected 17 gold pieces.

Inventory:

Armour
 a - a +0 robe (worn)
Scrolls
 c - a scroll of identify {unknown}
 d - a scroll of butterflies {unknown}
Potions
 b - a potion of magic
 e - a potion of brilliance {unknown}


   Skills:
 + Level 2.5 Dodging
 + Level 2.4 Stealth
 + Level 3.4 Spellcasting
 + Level 5.3 Necromancy


You had 6 spell levels left.
You knew the following spells:

 Your Spells              Type           Power      Damage    Failure   Level
a - Necrotise             Necr           92%        1d8       1%          1

Your spell library contained the following spells:

 Spells                   Type           Power      Damage    Failure   Level
 Vampiric Draining        Necr           23%        2d7       4%          3
 Animate Dead             Necr           23%        N/A       16%         4
 Agony                    Necr           23%        N/A       41%         5


Dungeon Overview and Level Annotations

Branches:
Dungeon (1/15)

Altars:


Message History

You kill the jackal!
The dead are walking!
Your jackal skeleton bites the goblin.
The goblin barely misses your jackal skeleton.
Your jackal skeleton barely misses the goblin.
The ball python attacks as you move away!
The ball python bites you.
* * * LOW HITPOINT WARNING * * *
The ball python closely misses you.
Your jackal skeleton misses the goblin.
The goblin hits your jackal skeleton with a +0 club.
Your jackal skeleton bites the goblin.
The goblin hits your jackal skeleton with a +0 club.
Your jackal skeleton barely misses the goblin.
The goblin hits your jackal skeleton with a +0 club.
Your jackal skeleton is destroyed!
The ball python closely misses you. The ball python barely misses you.
The goblin shouts!
There is an open door here.
The ball python attacks as you move away!
The ball python bites you.
* * * LOW HITPOINT WARNING * * *
The ball python misses you.
Casting: Necrotise (safe; 1% risk of failure)
Confirm with . or Enter, or press ? or * to list all spells.
Aiming: Necrotise (safe; 1% risk of failure)
Press: ? - help, Shift-Dir - straight line, f - ball python
Aim: a ball python (chance to affect: 91%)
The ball python barely resists.
The ball python bites you.
* * * LOW HITPOINT WARNING * * *
The ball python misses you.
Casting: Necrotise (safe; 1% risk of failure)
Confirm with . or Enter, or press ? or * to list all spells.
You don't have enough magic to cast this spell.
The ball python bites you but does no damage.
The ball python grabs you. The ball python constricts you.
Casting: Necrotise (safe; 1% risk of failure)
Confirm with . or Enter, or press ? or * to list all spells.
You don't have enough magic to cast this spell.
The ball python bites you.
You die...

...........# #........... ##
...†.>.....# #...........
..#........# #............
..#........# #............#
....[......######............#
...............##............####
...............##...............#
........##...w.##...............#
.........+...g.S@................
......####.....##................
..$...# #.....##.....[..........
......# #..†..##................
.. #.................######
#.....##..##########
#..#######.## ###..#
#....####...####....#
##.....#..~..#.....##


You could see a dart slug, a goblin and a ball python.

Vanquished Creatures
  A dart slug (D:1)
  2 endoplasms (D:1)
  A hobgoblin (D:1)
  2 jackals (D:1)
  3 bats (D:1)
  A rat (D:1)
10 creatures vanquished.

Vanquished Creatures (collateral kills)
  An endoplasm (D:1)
  A bat (D:1)
  A rat (D:1)
3 creatures vanquished.

Grand Total: 13 creatures vanquished

Notes
Turn   | Place    | Note
-------+----------+-------------------------------------------
     0 | D:1      | HagarQim the Deep Elf Necromancer began the quest for the
                  | Orb.
     0 | D:1      | Reached XP level 1. HP: 10/10 MP: 6/6
    97 | D:1      | Reached skill level 5 in Necromancy
   229 | D:1      | Reached XP level 2. HP: 15/15 MP: 4/8
   261 | D:1      | Slain by a ball python

Illustrated notes

Levels and vault maps discovered:
D:1:      eino_arrival_water_star, layout_basic,
          shapermc_ecumenical_altar_mp_urbaneastern

Skill      XL: |  1 |
---------------+----+-----
Necromancy     | 5 |  5.3
Dodging        | |  2.5
Stealth        | |  2.4
Spellcasting   | |  3.4

Action                     || total
---------------------------++-------
  Melee: Unarmed           ||     2
   Cast: Necrotise         ||    20
 Armour: Robe              ||     9
  Dodge: Dodged            ||    15
